 Dungeon Crawl Stone Soup version 0.29.0 (webtiles) character file.

Game seed: 17157327758120837364

8 XZede the Trooper (level 2, 24/24 HPs)
             Began as a Demonspawn Berserker on Aug 30, 2022.
             Was a Follower of Trog.
             Quit the game on level 1 of the Dungeon.
             The game lasted 00:02:50 (505 turns).

XZede the Trooper (Demonspawn Berserker)             Turns: 505, Time: 00:02:50

Health: 24/24      AC:  3    Str: 17    XL:     2   Next: 0%
Magic:  2/2        EV: 12    Int:  8    God:    Trog [*.....]
Gold:   50         SH:  0    Dex: 12    Spells: 1/1 levels left

rFire   . . .      SeeInvis .   a - +0 spear
rCold   . . .      Faith    .   (no shield)
rNeg    . . .      Spirit   .   b - +0 animal skin
rPois   .          Reflect  .   (no helmet)
rElec   .          Harm     .   (no cloak)
rCorr   .          Rampage  .   (no gloves)
Will    .....                   d - +0 pair of boots
Stlth   +.........              e - amulet of regeneration
HPRegen 0.88/turn               (no ring)
MPRegen 0.16/turn               (no ring)

@: no status effects
A: magic regeneration
a: Renounce Religion, Berserk


You were on level 1 of the Dungeon.
You worshipped Trog.
Trog was aware of your devotion.
You visited 1 branch of the dungeon, and saw 1 of its levels.

You collected 50 gold pieces.

Inventory:

Hand Weapons
 a - a +0 spear (weapon)
Missiles
 c - 3 datura-tipped darts (quivered)
Armour
 b - a +0 animal skin (worn)
 d - a +0 pair of boots (worn)
Jewellery
 e - an amulet of regeneration (around neck)
Potions
 f - a potion of curing {unknown}
 g - a potion of magic {unknown}
 h - a potion of flight {unknown}


   Skills:
 + Level 3.1 Fighting
 * Level 3.1 Polearms
 - Level 1.7 Armour
 - Level 1.7 Dodging


You had one spell level left.
You didn't know any spells.
Your spell library was empty.

Dungeon Overview and Level Annotations

Branches:
Dungeon (1/15)

Altars:

Shops:
D:1 [


Innate Abilities, Weirdness & Mutations

You regenerate magic rapidly.


Message History

Found a mace.
Found a book of Conjurations.
Found a robe.
A ball python comes into view.
There is an entrance to Kobo's Armour Emporium here.
A ball python is nearby!
Found a gold piece.
Found a faded altar of an unknown god.
Found a scroll labelled OSEASTREOQU.
Found a gold piece.
Reach: a) +0 spear
Press: ? - help, Dir - move target Your weapon can't reach that far!
Okay, then.
You barely miss the ball python. The ball python barely misses you.
The ball python grabs you. The ball python constricts you.
The ball python bites you. The ball python constricts you.
You are too injured to fight recklessly!
You are too injured to fight recklessly!
You are too injured to fight recklessly!
You are too injured to fight recklessly!
You closely miss the ball python. The ball python bites you.
The ball python constricts you.
You closely miss the ball python. The ball python bites you.
The ball python constricts you.
You puncture the ball python!
You kill the ball python!
Trog accepts your kill.
You have reached level 2!
Your demonic ancestry asserts itself...
Your magic begins to regenerate rapidly.
You start putting on your amulet.
You continue putting on your amulet of regeneration. x5
You finish putting on your amulet of regeneration.
The amulet cannot attune itself to your injured body.
e - an amulet of regeneration (around neck)
Your amulet attunes itself to your body as you begin to regenerate more quickly.
There is an entrance to Kobo's Armour Emporium here.
Unknown command.
Unknown command.
Are you sure you want to abandon this character and quit the game? (Confirm with "yes".)

# .## ##..#.
####### #......
......) ..~$~..
..:..#. ..~_~..
#....#####..~~~..
#.......†...?..
##.@.######....
##....#### .
#..#.....#
#.#......#
..[#......#
#####......#
+#####......#
............+
............#


There were no monsters in sight!

Vanquished Creatures
  An endoplasm (D:1)
  A giant cockroach (D:1)
  2 goblins (D:1)
  A ball python (D:1)
  A bat (D:1)
  2 rats (D:1)
8 creatures vanquished.

Notes
Turn   | Place    | Note
-------+----------+-------------------------------------------
     0 | D:1      | XZede the Demonspawn Berserker began the quest for the Orb.
     0 | D:1      | Reached XP level 1. HP: 18/18 MP: 1/1
   295 | D:1      | Found Kobo's Armour Emporium.
   318 | D:1      | Found a faded altar of an unknown god.
   326 | D:1      | Gained mutation: You regenerate magic rapidly. [demonic
                  | ancestry]
   326 | D:1      | Reached XP level 2. HP: 10/24 MP: 2/2
   505 | D:1      | Quit the game

Illustrated notes

Levels and vault maps discovered:
D:1:      dpeg_arrival_chambers_temple_mockup, layout_basic,
          hellmonk_ecumenical_altar_pennies_from_heaven, serial_shops,
          nicolae_shop_stone, hangedman_feature_mirror

Skill      XL: |  1 |
---------------+----+-----
Polearms       | 3 |  3.1
Fighting       | |  3.1
Armour         | |  1.7
Dodging        | |  1.7

Action                   || total
-------------------------++-------
Melee: Spear             ||    20
Throw: Dart              ||     2
Armor: Animal skin       ||     3
Dodge: Dodged            ||     7
